Map: Catalyst LE

Players

Stats

  • Race: Protoss Protoss
  • League: Master
  • Spawn Location: 5:00

Zest - Winner!

  • Race: Protoss Protoss
  • League: Master
  • Spawn Location: 11:00

Event: HomeStory Cup XVI

VOD

Have the link to the VOD?

Description

Time

  • Played on: Nov. 12, 2017, 2:14 p.m.
  • Length: 13:01

All games in this series

Show
View Real Time Build Order
Export as new Build Order

Stats Protoss 

Build Orders: Blink Stalkers, Zealot Archon 

Get SALT Encoding   

  12  0:02  Probe (Chrono Boost)  
  14  0:14  Probe (Chrono Boost)  
  14  0:17  Pylon  
  14  0:25  Probe (Chrono Boost)  
  15  0:32  Probe (Chrono Boost)  
  15  0:40  Probe (Chrono Boost)  
  15  0:41  Gateway  
  17  0:49  Assimilator  
  17  0:53  Probe (Chrono Boost)  
  17  0:56  Assimilator  
  18  1:01  Probe (Chrono Boost)  
  19  1:07  Probe (Chrono Boost)  
  19  1:15  Gateway  
  21  1:19  Probe (Chrono Boost)  
  21  1:28  Cybernetics Core  
  21  1:31  Probe (Chrono Boost)  
  22  1:35  Pylon  
  22  1:43  Probe (Chrono Boost)  
  24  1:55  Probe (Chrono Boost)  
  24  2:05  Stalker x2, Warp Gate  
  28  2:13  Pylon  
  29  2:22  Twilight Council  
  28  2:31  Blink  
  28  2:35  Stalker x2  
  32  3:01  Nexus  
  32  3:18  Stalker  
  34  3:27  Stalker  
  34  3:33  Probe (Chrono Boost)  
  37  3:41  Shield Battery  
  37  3:43  Pylon  
  37  3:46  Probe (Chrono Boost)  
  38  3:58  Probe (Chrono Boost)  
  39  4:08  Stalker x2  
  43  4:14  Probe (Chrono Boost)  
  43  4:16  Probe (Chrono Boost)  
  45  4:27  Probe (Chrono Boost)  
  45  4:28  Probe (Chrono Boost)  
  47  4:32  Stalker  
  47  4:33  Stalker  
  52  4:39  Probe (Chrono Boost)  
  52  4:41  Probe (Chrono Boost)  
  49  5:01  Stalker x2  
  49  5:03  Probe x2 (Chrono Boost)  
  51  5:14  Forge  
  51  5:15  Probe (Chrono Boost)  
  51  5:16  Probe (Chrono Boost)  
  51  5:26  Probe (Chrono Boost)  
  51  5:27  Probe (Chrono Boost)  
  51  5:28  Protoss Ground Weapons Level 1  
  53  5:30  Assimilator, Sentry x2  
  53  5:31  Assimilator  
  53  5:33  Probe x2 (Chrono Boost), Robotics Facility  
  53  5:35  Pylon  
  57  5:42  Probe x2 (Chrono Boost)  
  61  5:53  Sentry  
  65  5:57  Probe x2 (Chrono Boost)  
  65  6:10  Gateway x2  
  61  6:12  Gateway  
  61  6:14  Gateway, Probe x2 (Chrono Boost)  
  63  6:20  Observer  
  63  6:22  Charge  
  64  6:28  Zealot x2  
  64  6:30  Pylon  
  68  6:36  Pylon  
  68  6:40  Phoenix  
  68  6:42  Pylon  
  68  6:48  Protoss Ground Weapons Level 2, Immortal  
  68  6:50  Templar Archives  
  72  7:09  Nexus  
  72  7:17  Immortal  
  72  7:23  Phoenix  
  72  7:29  High Templar x2  
  80  7:30  Zealot x3  
  80  7:33  Archon  
  80  7:36  Pylon  
  86  7:38  Pylon  
  86  7:42  Pylon  
  86  7:55  High Templar x2, Zealot x2  
  86  7:56  Warp Prism  
  96  7:59  Pylon  
  96  8:00  Archon  
  96  8:02  Zealot x2  
  100  8:08  Probe x2 (Chrono Boost)  
  100  8:11  Shield Battery  
  104  8:20  Probe x2 (Chrono Boost)  
  104  8:24  High Templar x2, Zealot x2  
  112  8:27  Zealot x2  
  112  8:28  Archon  
  119  8:35  Probe x3 (Chrono Boost)  
  119  8:38  Pylon  
  119  8:42  Protoss Ground Weapons Level 3  
  119  8:47  Probe (Chrono Boost)  
  120  8:51  Zealot x2  
  120  8:52  Zealot x2  
  128  8:56  High Templar x2  
  128  9:00  Archon  
  128  9:02  Pylon  
  132  9:03  Assimilator  
  132  9:09  Assimilator  
  102  9:19  Zealot x3  
  102  9:20  Zealot  
  92  9:29  Zealot x2  
  78  9:31  Immortal  
  74  9:38  Zealot x2  
  74  9:40  Zealot x4  
  74  9:41  Probe x3 (Chrono Boost)  
  93  9:49  Gateway  
  93  9:51  Gateway  
  93  10:02  High Templar x2  
  93  10:03  Zealot x3  
  103  10:09  Immortal  
  107  10:17  Zealot, Archon  
  109  10:29  Pylon  
  109  10:34  Zealot x3  
  109  10:35  Zealot x2  
  119  10:39  Pylon  
  119  10:52  High Templar  
  119  10:53  High Templar x2  
  119  10:55  High Templar x3  
  119  10:56  Zealot x2  
  135  10:59  Archon  
  135  11:00  Archon x2  
  131  11:22  Pylon  
  131  11:24  Zealot x2  
  117  11:25  Zealot x3  
  117  11:31  Zealot  
  117  11:32  Zealot x2  
  89  11:52  Zealot x8  
  101  12:04  Immortal  
  105  12:13  High Templar x3  
  105  12:14  High Templar x3  
  105  12:15  Zealot x2  
  121  12:18  Archon x2  
  121  12:19  Archon  
  115  12:33  Zealot  
  117  12:38  Zealot  
  113  12:47  Zealot x5  
  113  12:48  Zealot  
  93  12:56  Zealot  
Show
View Real Time Build Order
Export as new Build Order

Zest Protoss - Winner!

Build Orders: Oracle Opening, Archon Immortal 

Get SALT Encoding   

  12  0:02  Probe (Chrono Boost)  
  14  0:14  Probe (Chrono Boost)  
  14  0:17  Pylon  
  14  0:25  Probe (Chrono Boost)  
  15  0:31  Probe (Chrono Boost)  
  15  0:38  Gateway  
  15  0:40  Probe (Chrono Boost)  
  17  0:46  Assimilator  
  17  0:52  Probe (Chrono Boost)  
  17  0:55  Assimilator  
  18  0:59  Probe (Chrono Boost)  
  19  1:07  Probe (Chrono Boost)  
  20  1:12  Gateway  
  21  1:19  Probe (Chrono Boost)  
  21  1:25  Cybernetics Core  
  21  1:31  Probe (Chrono Boost)  
  22  1:35  Pylon  
  22  1:43  Probe (Chrono Boost)  
  23  1:52  Sentry  
  24  1:55  Probe (Chrono Boost)  
  24  2:02  Warp Gate  
  24  2:04  Stalker  
  28  2:13  Pylon  
  28  2:21  Stalker  
  30  2:33  Stalker  
  32  2:44  Nexus  
  32  2:45  Oracle  
  32  2:57  Robotics Facility  
  32  3:02  Probe (Chrono Boost)  
  33  3:09  Shield Battery, Sentry  
  35  3:15  Probe (Chrono Boost)  
  35  3:18  Sentry  
  38  3:27  Pylon  
  38  3:30  Probe (Chrono Boost)  
  38  3:31  Shield Battery  
  39  3:44  Probe (Chrono Boost)  
  39  3:47  Observer  
  41  3:50  Probe (Chrono Boost)  
  41  3:52  Probe (Chrono Boost)  
  42  4:01  Probe x2 (Chrono Boost)  
  44  4:08  Immortal  
  49  4:10  Probe (Chrono Boost)  
  49  4:13  Observer, Probe (Chrono Boost)  
  49  4:16  Probe (Chrono Boost)  
  51  4:21  Forge  
  53  4:25  Probe (Chrono Boost)  
  53  4:28  Probe (Chrono Boost)  
  53  4:29  Pylon  
  54  4:37  Probe (Chrono Boost)  
  54  4:38  Immortal  
  55  4:41  Probe (Chrono Boost)  
  55  4:42  Pylon  
  56  4:47  Stalker  
  56  4:52  Stalker  
  60  4:56  Probe (Chrono Boost)  
  58  5:00  Probe (Chrono Boost)  
  53  5:08  Shield Battery, Probe (Chrono Boost)  
  53  5:11  Stalker  
  49  5:15  Immortal  
  49  5:16  Stalker  
  48  5:28  Protoss Ground Weapons Level 1  
  49  5:35  Shield Battery  
  51  5:37  Probe x2 (Chrono Boost)  
  51  5:39  Stalker  
  53  5:49  Probe x2 (Chrono Boost)  
  55  5:55  Immortal  
  59  6:02  Probe x2 (Chrono Boost)  
  61  6:05  Assimilator  
  61  6:08  Assimilator  
  61  6:14  Probe x2 (Chrono Boost)  
  61  6:15  Sentry  
  61  6:18  Pylon  
  65  6:25  Pylon  
  65  6:28  Probe x2 (Chrono Boost)  
  67  6:34  Twilight Council  
  67  6:39  Gateway  
  67  6:40  Gateway  
  67  6:45  Gateway  
  67  6:46  Gateway  
  67  6:53  Protoss Ground Weapons Level 2  
  67  6:54  Zealot x2  
  67  6:58  Observer  
  71  7:16  Nexus, Charge  
  71  7:17  Templar Archives  
  71  7:18  Pylon  
  71  7:30  Gateway  
  71  7:31  Gateway  
  71  7:37  Shield Battery  
  71  7:40  Pylon  
  71  7:44  Immortal  
  71  7:46  Sentry  
  77  7:56  Zealot x2  
  77  7:57  Zealot, High Templar  
  77  7:58  High Templar  
  87  8:01  Probe x2 (Chrono Boost)  
  89  8:06  Archon  
  89  8:09  Pylon  
  89  8:15  Warp Prism  
  89  8:16  Observer, Probe (Chrono Boost)  
  89  8:17  Probe (Chrono Boost)  
  93  8:29  High Templar x2, Zealot x2  
  101  8:37  Archon  
  101  8:43  Zealot x2  
  101  8:44  Zealot x2  
  101  8:46  Photon Cannon, Observer  
  109  8:48  Pylon  
  109  8:51  Protoss Ground Weapons Level 3  
  109  8:54  High Templar x2  
  113  8:58  Archon, Pylon  
  113  8:59  Pylon  
  116  9:03  Probe x3 (Chrono Boost)  
  116  9:12  Zealot x5  
  109  9:18  Zealot  
  85  9:28  Zealot  
  85  9:29  Zealot  
  76  9:43  Assimilator, Probe (Chrono Boost)  
  76  9:44  Assimilator, Probe x2 (Chrono Boost)  
  79  9:47  Observer  
  79  9:55  Probe (Chrono Boost)  
  79  9:56  Probe x2 (Chrono Boost)  
  79  9:58  High Templar x2  
  87  10:02  Archon  
  90  10:08  Probe x3 (Chrono Boost)  
  90  10:13  Immortal  
  94  10:20  Probe x3 (Chrono Boost)  
  97  10:24  High Templar x2, Zealot x2  
  97  10:25  Zealot x2  
  97  10:27  Shield Battery  
  97  10:28  Archon  
  109  10:34  Pylon  
  109  10:44  High Templar  
  109  10:45  High Templar, Zealot x2  
  109  10:46  Zealot x2  
  121  10:50  Nexus  
  121  10:52  Archon, Pylon  
  121  10:56  High Templar  
  121  10:57  High Templar  
  125  11:02  Archon  
  125  11:04  Pylon  
  125  11:08  Zealot x3  
  125  11:09  Zealot  
  133  11:20  High Templar x2  
  133  11:25  Archon  
  121  11:31  Zealot x6  
  119  11:33  Observer  
  107  11:51  Probe x2 (Chrono Boost)  
  107  11:53  Gateway  
  103  11:54  High Templar x3, Gateway  
  103  11:55  High Templar  
  103  11:56  Zealot x4  
  103  11:59  Archon  
  103  12:00  Archon  
  119  12:08  Probe x3 (Chrono Boost)  
  123  12:10  Probe (Chrono Boost)  
  123  12:25  Zealot x4  
  123  12:29  Zealot x4  
  115  12:52  High Templar x4, Zealot  
  115  12:53  Zealot x3  
Tags
 
Add a new tag
Caveats
  • Supply blocks, unpowered buildings, or Contaminate may cause inaccurate times.
  • Supply counts are checked every 10 seconds.